 Dungeon Crawl Stone Soup version 0.26.0-3-g156281e41b (webtiles) character file.

Game seed: 2026962812792439830

84 Descartes the Skirmisher (level 4, -3/36 HPs)
             Began as a Formicid Abyssal Knight on Jan 9, 2021.
             Was a Believer of Lugonu.
             Slain by Crazy Yiuf
             ... wielding a +3 quarterstaff of chaos
              (11 damage)
             ... on level 3 of the Dungeon.
             The game lasted 00:06:19 (2073 turns).

Descartes the Skirmisher (Formicid Abyssal Knight)  Turns: 2073, Time: 00:06:20

Health: -3/36      AC:  8    Str: 23    XL:     4   Next: 74%
Magic:  6/6        EV: 10    Int: 11    God:    Lugonu [**....]
Gold:   87         SH:  0    Dex: 11    Spells: 3/3 levels left

rFire    . . .     SeeInvis +   a - +1 falchion
rCold    . . .     Faith    .   (no shield)
rNeg     . . .     Spirit   .   u - +0 scale mail
rPois    .         Reflect  .   (helmet unavailable)
rElec    .         Harm     .   (no cloak)
rCorr    .         Rampage  .   (no gloves)
Will     .....                  s - +0 pair of boots
Stlth    ..........             w - amulet of regeneration
HPRegen  0.52/turn              e - +6 ring of strength
MPRegen  0.10/turn              p - ring of teleportation (curse)

@: no status effects
A: permanent stasis, dig shafts and tunnels, four strong arms, antennae 3
a: Dig, Shaft Self, Renounce Religion, Depart the Abyss, Bend Space


You were on level 3 of the Dungeon.
You worshipped Lugonu.
Lugonu was pleased with you.
You visited 1 branch of the dungeon, and saw 3 of its levels.
You visited the Abyss 1 time.

You collected 87 gold pieces.

Inventory:

Hand Weapons
 a - a +1 falchion (weapon)
 v - a cursed -3 hunting sling
Missiles
 c - 12 boomerangs (quivered)
 f - 69 sling bullets
 k - 54 arrows
 m - 155 stones
 D - 26 bolts
Armour
 b - a +0 leather armour
 l - a +0 ring mail
 s - a +0 pair of boots (worn)
 u - a +0 scale mail (worn)
Jewellery
 e - a +6 ring of strength (left hand)
 p - a cursed ring of teleportation (right hand)
 w - an amulet of regeneration (around neck)
 E - an uncursed ring of wizardry
Scrolls
 h - a scroll of fear {unknown}
 i - a scroll of fog {unknown}
 t - a scroll of enchant armour {unknown}
 y - a scroll of identify {unknown}
 C - 2 scrolls of remove curse {unknown}
 F - 3 scrolls of teleportation {unknown}
 G - a scroll of magic mapping {unknown}
Potions
 d - 2 potions of mutation {unknown}
 g - a potion of haste {unknown}
 j - a potion of berserk rage {unknown}
 n - a potion of resistance {unknown}
 o - a potion of ambrosia {unknown}
 q - a potion of lignification {unknown}
 r - a potion of attraction {unknown}
 x - a potion of degeneration {unknown}
 z - a potion of flight {unknown}
 A - a potion of brilliance {unknown}
 B - a potion of invisibility {unknown}


   Skills:
 - Level 3.6 Fighting
 + Level 2.9 Long Blades
 + Level 3.2 Armour
 - Level 1.1 Dodging
 + Level 3.3 Invocations


You had 3 spell levels left.
You didn't know any spells.
Your spell library was empty.

Dungeon Overview and Level Annotations

Branches:
Dungeon (3/15)

Altars:
Okawaru
Sif Muna
Yredelemnul

Annotations:
D:3 Crazy Yiuf


Innate Abilities, Weirdness & Mutations

You cannot be hasted, slowed, berserked, paralysed or teleported.
You can dig through walls and to a lower floor.
Your four strong arms can wield two-handed weapons with a shield.
You have a pair of large antennae on your head. (SInv)


Message History

Crazy Yiuf is heavily wounded.
Crazy Yiuf hits you with a +3 quarterstaff of chaos.
You hit Crazy Yiuf.
Crazy Yiuf is heavily wounded.
Crazy Yiuf hits you but does no damage.
You barely miss Crazy Yiuf.
Crazy Yiuf is heavily wounded.
Crazy Yiuf yells, "Mountain!
Iron seventy fast."
Crazy Yiuf hits you with a +3 quarterstaff of chaos!
* * * LOW HITPOINT WARNING * * *
You hit Crazy Yiuf but do no damage.
Crazy Yiuf is heavily wounded.
Crazy Yiuf completely misses you.
You hit Crazy Yiuf.
Crazy Yiuf is severely wounded.
Crazy Yiuf laughs, "Fluff disdain pizzabubble!"
Crazy Yiuf hits you but does no damage.
Your stasis prevents you from being hasted.
Crazy Yiuf hits you with a +3 quarterstaff of chaos!
You die...

#.######.# #.# #.#
###.# #.... #####.#.#
### ####.......#
#)..### ##....###.###
#...g@####.......#....
#...##..#......#.#####
### ###.#....##.##
#########..# #..# ##
### #########..# #.
#.####.#........# ###
#.
#.##.........##.####
...#.
#.##.#.####.........


You could see Crazy Yiuf.

Vanquished Creatures
  An adder (D:3)
  An adder zombie (D:1)
  2 worms (D:2)
  A dart slug (D:1)
  2 leopard geckos (D:2)
  5 orcs (D:3)
  2 giant cockroaches (D:1)
  5 hobgoblins
  11 jackals
  A quokka (D:2)
  3 ball pythons (D:2)
  2 bats
  4 frilled lizards
  2 gnoll zombies (D:3)
  7 kobolds
  A leopard gecko zombie (D:1)
  5 rats
55 creatures vanquished.

Notes
Turn   | Place    | Note
-------+----------+-------------------------------------------
     0 | Abyss:1  | Descartes the Formicid Abyssal Knight began the quest for
                  | the Orb.
     0 | Abyss:1  | Reached XP level 1. HP: 18/18 MP: 2/2
   121 | Abyss:1  | Noticed a small abomination
   129 | Abyss:1  | Noticed a large abomination
   139 | Abyss:1  | Noticed a small abomination
   142 | Abyss:1  | Noticed an ice devil
   144 | D:1      | Escaped the Abyss
   311 | D:1      | Reached XP level 2. HP: 24/24 MP: 3/3
   320 | D:1      | Reached * piety under Lugonu
   321 | D:1      | Reached skill level 1 in Dodging
   861 | D:1      | Reached XP level 3. HP: 28/29 MP: 4/4
  1313 | D:2      | Reached ** piety under Lugonu
  1366 | D:2      | Reached XP level 4. HP: 33/36 MP: 6/6
  1502 | D:2      | Found a shimmering blue altar of Sif Muna.
  1505 | D:2      | Found an iron altar of Okawaru.
  1983 | D:3      | Found a basalt altar of Yredelemnul.
  2059 | D:3      | Found a runed translucent door.
  2060 | D:3      | Noticed Crazy Yiuf
  2073 | D:3      | Slain by Crazy Yiuf

Illustrated notes

Levels and vault maps discovered:
D:1:      saegor_arrival_fortress, layout_basic
D:2:      layout_loops_ring, grunt_temple_overflow_open
D:3:      layout_loops_ring, lemuel_zombie_altar_yredelemnul, marbit_many_paths,
          general_overflow_altar, uniq_crazy_yiuf_cottage, uniq_grinder

Skill      XL: |  1  2  3  4 |
---------------+-------------+-----
Dodging        | 1 |  1.1
Invocations    | 3 |  3.3
Armour         | 3 |  3.2
Fighting       | |  3.6
Long Blades    | |  2.9

Action                   |  1- 3 |  4- 6 || total
-------------------------+-------+-------++-------
Melee: Falchion          |    81 |    65 ||   146
Throw: Boomerang         |    35 |       ||    35
Invok: Depart the Abyss  |     1 |       ||     1
Armor: Leather armour    |     3 |       ||     3
       Scale mail        |    30 |    21 ||    51
       Ring mail         |     1 |       ||     1
Dodge: Dodged            |    70 |    30 ||   100
       Rpst.: Falchion   |    17 |    13 ||    30
